 Dungeon Crawl Stone Soup version 0.27-a0-1312-g5cdb2b3542 (webtiles) character file.

Game seed: 4094253865889962842

184 Delamore the Poker (level 5, -9/43 HPs)
             Began as a Formicid Fighter on June 19, 2021.
             Killed from afar by Ijyb (12 damage)
             ... with a bolt of acid
             ... on level 3 of the Dungeon.
             The game lasted 00:02:20 (2816 turns).

Delamore the Poker (Formicid Fighter)               Turns: 2816, Time: 00:02:20

Health: -9/43      AC:  8    Str: 22    XL:     5   Next: 95%
Magic:  5/5        EV:  8    Int:  7    God:
Gold:   143        SH: 10    Dex: 10    Spells: 4/4 levels left

rFire    . . .     SeeInvis +   h - +2 whip (venom)
rCold    . . .     Faith    .   c - +1 kite shield
rNeg     . . .     Spirit   .   b - +0 scale mail
rPois    .         Reflect  .   (helmet unavailable)
rElec    .         Harm     .   f - +0 cloak
rCorr    .         Rampage  .   (no gloves)
Will     .....                  (no boots)
Stlth    ..........             (no amulet)
HPRegen  0.14/turn              (no ring)
MPRegen  0.09/turn              (no ring)

@: no status effects
A: permanent stasis, dig shafts and tunnels, antennae 3, four strong arms
a: Dig, Shaft Self


You were on level 3 of the Dungeon.
You visited 1 branch of the dungeon, and saw 3 of its levels.

You collected 143 gold pieces.

Inventory:

Hand Weapons
 a - a +0 trident
 h - a +2 whip of venom (weapon)
Missiles
 g - 3 curare-tipped darts
Armour
 b - a +0 scale mail (worn)
 c - a +1 kite shield (worn)
 f - a +0 cloak (worn)
Jewellery
 j - a ring of willpower
Wands
 e - a wand of charming (7)
Potions
 d - a potion of might
 i - a potion of heal wounds
 k - 2 potions of attraction {unknown}


   Skills:
 + Level 4.6 Fighting
 * Level 4.8 Polearms
 - Level 3.2 Armour
 - Level 3.6 Shields


You had 4 spell levels left.
You didn't know any spells.
Your spell library contained the following spells:

 Spells                   Type           Power      Damage    Failure   Level
 Confusing Touch          Hex            0%         N/A       100%        3
 Gell's Gravitas          Tloc           0%         N/A       100%        3
 Petrify                  Tmut/Erth      0%         N/A       100%        4
 Metabolic Englaciation   Hex/Ice        0%         N/A       100%        5
 Yara's Violent Unravell  Hex/Tmut       0%         3d3       100%        5


Dungeon Overview and Level Annotations

Branches:
Dungeon (3/15)

Altars:

Annotations:
D:3 Ijyb


Innate Abilities, Weirdness & Mutations

You cannot be hasted, slowed, berserked, paralysed or teleported.
You can dig through walls and to a lower floor.
You have a pair of large antennae on your head. (SInv)
Your four strong arms can wield two-handed weapons with a shield.


Message History

No target in view!
No target in view!
No target in view!
No target in view!
No target in view!
No target in view!
No target in view!
No target in view!
You sense a monster nearby.
Ijyb the Twisted Goblin comes into view.
She is wielding a +0 dagger and carrying a wand of acid (7).
Ijyb is nearby!
Ijyb zaps a wand.
The bolt of acid hits you!
You are splashed with acid!
You are too injured to fight recklessly!
You are too injured to fight recklessly!
You are too injured to fight recklessly!
You are too injured to fight recklessly!
You are too injured to fight recklessly!
You are too injured to fight recklessly!
You are too injured to fight recklessly!
You are too injured to fight recklessly!
You are too injured to fight recklessly!
You extend your mandibles.
You dig through the rock wall.
You dig through the rock wall.
You dig through the rock wall.
You retract your mandibles.
Your scale mail prevents you from hitting Ijyb.
You block Ijyb's attack.
You hit Ijyb.
Ijyb is poisoned.
Ijyb is moderately wounded.
Ijyb zaps a wand.
The bolt of acid hits you!
* * * LOW HITPOINT WARNING * * *
You are splashed with acid!
* * * LOW HITPOINT WARNING * * *
You extend your mandibles.
You dig through the rock wall.
You block Ijyb's attack.
You dig through the rock wall.
You retract your mandibles.
Ijyb zaps a wand.
The bolt of acid hits you!
You die...

#(# ..## #.# ###.#
8. 8. #.# #...# .
.#. #.### ##. #.#
##.. #.# .....# #.#
#..##### #..# #.#
#......# #..# ###.#
#..#@#.# #..# ....#
#..##..# #..# #####
######.g#.#g# #..#
##.. ........##..#
#..# ##.#
#..#.#.###.(# ##.#
#..g........# ##.##
#......###..#
#...#########..#####
#.##
.............#.#
##.########


You could see Ijyb (very poisoned).

Vanquished Creatures
  A phantom (D:2)
  An adder (D:2)
  4 gnolls
  2 worms
  A dart slug (D:3)
  4 endoplasms
  6 goblins
  5 hobgoblins
  4 quokkas
  8 ball pythons
  6 bats
  4 frilled lizards
  6 kobolds
  7 rats
59 creatures vanquished.

Notes
Turn   | Place    | Note
-------+----------+-------------------------------------------
     0 | D:1      | Delamore the Formicid Fighter began the quest for the Orb.
     0 | D:1      | Reached XP level 1. HP: 18/18 MP: 1/1
   310 | D:1      | Reached XP level 2. HP: 23/24 MP: 2/2
   752 | D:2      | Reached XP level 3. HP: 30/30 MP: 3/3
  1113 | D:2      | Found a faded altar of an unknown god.
  1640 | D:2      | Noticed a phantom
  1655 | D:2      | HP: 1/30 [phantom (7)]
  1659 | D:2      | Killed a phantom
  1660 | D:2      | Reached XP level 4. HP: 27/38 MP: 4/4
  1660 | D:2      | Reached XP level 5. HP: 31/43 MP: 5/5
  1864 | D:2      | HP: 2/43 [poisoned by a gnoll]
  2804 | D:3      | Noticed Ijyb
  2816 | D:3      | Killed from afar by Ijyb

Illustrated notes

Levels and vault maps discovered:
D:1:      minmay_arrival_cross, layout_rooms, minivault_26, grunt_decor_fettered
D:2:      layout_loops_corners, hellmonk_ecumenical_altar_inner_sanctum
D:3:      layout_loops_ring, grunt_gozag_statues, uniq_ijyb

Skill      XL: |  1  2  3 |
---------------+----------+-----
Polearms       | 4 |  4.8
Fighting       | 4 |  4.6
Armour         | |  3.2
Shields        | |  3.6

Action                   |  1- 3 |  4- 6 || total
-------------------------+-------+-------++-------
Melee: Trident           |   119 |    14 ||   133
       Whip              |       |    58 ||    58
 Abil: Dig               |       |     2 ||     2
  Use: Scroll            |     4 |     1 ||     5
       Potion            |     1 |     3 ||     4
Armor: Scale mail        |    36 |    17 ||    53
Dodge: Dodged            |    17 |    15 ||    32
Block: Kite shield       |    47 |    36 ||    83

Table legend: (Time is in decaauts)
 A = Elapsed time spent in this place.
 B = Non-inter-level travel time spent in this place.
 C = Inter-level travel time spent in this place.
 D = Time resting spent in this place.
 E = Time spent auto-exploring this place.
 F = Levels seen in this place.
 G = Mean time per level.
                   A        B        C        D        E       F      G
               +--------+--------+--------+--------+--------+-----+--------+
         Total |   2878 |   2814 |     64 |    482 |   1854 |   3 |  959.3 |
       Dungeon |   2878 |   2814 |     64 |    482 |   1854 |   3 |  959.3 |
               +--------+--------+--------+--------+--------+-----+--------+

Top non-repeatable levels by time:
     D:2: 1618 daAuts
     D:1: 695 daAuts
     D:3: 565 daAuts
